 Dungeon Crawl Stone Soup version 0.30.0-29-ga12c61a403 (webtiles) character file.

Game seed: 17296542617709491517

197 qw the Chopper (level 5, -18/33 HPs)
             Began as a Gargoyle Fighter on June 4, 2023.
             Was an Initiate of Okawaru.
             Demolished by an ogre
             ... wielding a +0 giant club
              (22 damage)
             ... on level 4 of the Dungeon.
             The game lasted 00:01:24 (2786 turns).

qw the Chopper (Gargoyle Fighter)                   Turns: 2786, Time: 00:01:25

Health: -18/33     AC: 17    Str: 21    XL:     5   Next: 75%
Magic:  5/5        EV:  7    Int:  9    God:    Okawaru [......]
Gold:   284        SH:  4    Dex:  9    Spells: 4/4 levels left

rFire   + + .        Y - +1 war axe
rCold   . . .        c - +0 buckler
rNeg    + . .        g - +2 chain mail {rF+}
rPois   inf          k - +0 helmet
rElec   +            t - scarf {repulsion}
rCorr   .            i - +0 pair of gloves
SInv    .            (no boots)
Will    .....        h - amulet of the acrobat Stlth
                     l - ring of protection from fire
HPRegen 0.25/turn    (no ring)
MPRegen 0.09/turn

%: repel missiles, acrobat
@: about to teleport
A: sickness immunity, AC +4, negative energy resistance 1, electricity
resistance, torment resistance 1, petrification resistance
a: Renounce Religion


You were on level 4 of the Dungeon.
You worshipped Okawaru.
Okawaru was noncommittal.
You visited 1 branch of the dungeon, and saw 4 of its levels.

You collected 284 gold pieces.


Innate Abilities, Weirdness & Mutations

You are immune to sickness and miasma.
Your stone body is resilient. (AC +4)
You are immune to poison.
You resist negative energy. (rN+)
You are resistant to electric shocks. (rElec)
You are resistant to unholy torment.
You are immune to petrification.


   Skills:
 + Level 3.8 Fighting
 - Level 5.0 Axes
 - Level 3.2 Armour
 - Level 3.2 Shields


You had 4 spell levels left.
You didn't know any spells.
Your spell library was empty.

Inventory:

Hand Weapons
 u - a +0 flail
 Y - a +1 war axe (weapon)
Missiles
 m - 5 boomerangs (quivered)
Armour
 c - a +0 buckler (worn)
 g - a +2 chain mail of fire resistance (worn)
 i - a +0 pair of gloves (worn)
 k - a +0 helmet (worn)
 t - a scarf of repulsion (worn)
Jewellery
 h - an amulet of the acrobat (around neck)
 l - a ring of protection from fire (left hand)
Scrolls
 p - a scroll of identify
 q - 2 scrolls of teleportation
Potions
 d - 2 potions of might
 e - 2 potions of curing
 j - a potion of degeneration {unknown}
 o - a potion of brilliance {unknown}
 r - a potion of haste {unknown}
 s - a potion of lignification
 v - a potion of flight {unknown}

Dungeon Overview and Level Annotations

Branches:
Dungeon (4/15)
 Temple: D:4-7

Altars:
Makhleb
Okawaru

Annotations:
D:4 2 transporters, qw's ghost, amateur GrFi


Message History

Enter note: You now have 272 gold pieces (gained 9).
You now have 284 gold pieces (gained 12).
An ogre comes into view. It is wielding a +0 giant club.
The ogre shouts!
Enter note:
Enter note: You throw a boomerang.
The boomerang hits the ogre but does no damage.
A kobold comes into view.
It is wielding a +0 club and quivering poisoned darts.
The kobold shouts!
You hear an angry hiss.
Enter note:
Enter note:
Found 12 gold pieces.
An adder comes into view.
The ogre completely misses you.
You completely miss the ogre. You completely miss the ogre.
The ogre closely misses you.
You slash the ogre!
The ogre is moderately wounded.
You closely miss the kobold. The ogre hits you with a +0 giant club!
The kobold closely misses you.
You barely miss the ogre.
The ogre is moderately wounded.
You barely miss the kobold. The kobold hits you but does no damage.
The adder barely misses you. The ogre hits you with a +0 giant club!
Ouch! That really hurt!
2785 ||| READING 3 scrolls of teleportation.
As you read the scroll of teleportation, it crumbles to dust.
You feel strangely unstable. The kobold completely misses you.
The adder bites you but does no damage.
You slash the ogre!
The ogre is severely wounded.
You closely miss the kobold. You slash the adder! The adder misses you.
The ogre hits you with a +0 giant club!!
Ouch! That really hurt!
You die...

#....#. .
#.....# .#
.....## #.
##.....##.##
......#
#..........#
....#..
##.......?..#
.....#
###...........#
.....#
..............#
.....#
##...........#
####.#
#.K.....##.## #
.. #.O@....# .#
# .
$...|.S.....# #
#
...............#
#
................
.....#####.#####
..... ... .###
#.# .#


You could see an ogre, an adder and a kobold.

Vanquished Creatures
  A hound (D:4)
  Ijyb (D:4)
  4 adders
  A gnoll (D:2)
  2 worms (D:2)
  3 dart slugs
  4 orcs (D:4)
  6 endoplasms
  2 giant cockroaches
  5 goblins
  12 hobgoblins
  2 jackals (D:1)
  4 quokkas (D:2)
  4 ball pythons
  3 bats
  5 frilled lizards
  12 kobolds
  3 rats
74 creatures vanquished.

Notes
Turn   | Place    | Note
-------+----------+-------------------------------------------
     0 | D:1      | qw the Gargoyle Fighter began the quest for the Orb.
     0 | D:1      | Reached XP level 1. HP: 14/14 MP: 1/1
     0 | D:1      | 0 ||| qw: Version: 0.2-a-107-g4668610
     0 | D:1      | 0 ||| qw: Game counter: 1284
     0 | D:1      | 0 ||| qw: Always use a shield: true
     0 | D:1      | 0 ||| qw: God list: Okawaru
     0 | D:1      | 0 ||| qw: Allow faded altars: false
     0 | D:1      | 0 ||| qw: Do Orc after D:15 true
     0 | D:1      | 0 ||| qw: Do second Lair branch before Depths: true
     0 | D:1      | 0 ||| qw: Lair rune preference: random
     0 | D:1      | 0 ||| qw: Plans: Normal, Zot:1-4, Slime:5, God:TSO, Crypt,
                  | Tomb, Abyss, Pan, Hells, Win
     0 | D:1      | 0 ||| PLANNING D:1-11
    29 | D:1      | Reached skill level 2 in Axes
   204 | D:1      | Reached XP level 2. HP: 16/19 MP: 2/2
   325 | D:1      | 325 ||| Stepping ~*~*~tactically~*~*~ (hiding).
   326 | D:1      | 326 ||| Stepping ~*~*~tactically~*~*~ (hiding).
   328 | D:1      | 328 ||| Stepping ~*~*~tactically~*~*~ (hiding).
   752 | D:1      | 752 ||| UPGRADING to +0 pair of gloves.
   757 | D:1      | 757 ||| DROPPING amulet of magic regeneration.
   758 | D:1      | 758 ||| UPGRADING to amulet of the acrobat.
   763 | D:1      | 763 ||| UPGRADING to ring of protection from fire.
   764 | D:1      | 764 ||| READING scroll labelled ABBUEG VOEME.
   765 | D:1      | 765 ||| READING scroll labelled POORUBR FOIHIA.
   766 | D:1      | 766 ||| READING scroll labelled XASKEGA RAECIO.
   767 | D:1      | 767 ||| DRINKING 3 purple potions.
   780 | D:2      | Reached skill level 3 in Axes
   840 | D:2      | 840 ||| Stepping ~*~*~tactically~*~*~ (stealth).
   844 | D:2      | 844 ||| Stepping ~*~*~tactically~*~*~ (stealth).
   847 | D:2      | Reached XP level 3. HP: 23/23 MP: 3/3
   865 | D:2      | 865 ||| FLEEEEING.
   866 | D:2      | 866 ||| FLEEEEING.
   867 | D:2      | 867 ||| FLEEEEING.
   868 | D:2      | 868 ||| FLEEEEING.
   869 | D:2      | 869 ||| FLEEEEING.
   870 | D:2      | 870 ||| FLEEEEING.
   871 | D:2      | 871 ||| FLEEEEING.
   872 | D:2      | 872 ||| FLEEEEING.
   873 | D:2      | 873 ||| FLEEEEING.
   874 | D:2      | 874 ||| FLEEEEING.
   875 | D:2      | 875 ||| FLEEEEING.
   876 | D:2      | 876 ||| FLEEEEING.
   877 | D:2      | 877 ||| FLEEEEING.
   878 | D:2      | 878 ||| FLEEEEING.
   879 | D:2      | 879 ||| FLEEEEING.
   880 | D:2      | 880 ||| FLEEEEING.
   881 | D:2      | 881 ||| STAIRDANCE
  1087 | D:2      | 1087 ||| DROPPING +1 heavy hand axe.
  1105 | D:2      | 1105 ||| Stepping ~*~*~tactically~*~*~ (hiding).
  1120 | D:2      | Reached XP level 4. HP: 28/28 MP: 4/4
  1170 | D:2      | 1170 ||| Stepping ~*~*~tactically~*~*~ (stealth).
  1190 | D:2      | Reached skill level 4 in Axes
  1252 | D:2      | 1252 ||| DROPPING +0 whip.
  1457 | D:2      | 1457 ||| Stepping ~*~*~tactically~*~*~ (hiding).
  1671 | D:2      | 1671 ||| Stepping ~*~*~tactically~*~*~ (hiding).
  1813 | D:2      | 1813 ||| UPGRADING to scarf of repulsion.
  1818 | D:2      | 1818 ||| READING scroll labelled XAESHR FEROO.
  1819 | D:2      | 1819 ||| READING scroll labelled USMY QISMA.
  1820 | D:2      | 1820 ||| READING scroll labelled IPOINOJ JOIXAD.
  1821 | D:2      | 1821 ||| READING scroll labelled ERCHUE VUOJALUBB.
  1822 | D:2      | 1822 ||| READING scroll labelled DESIR HUEF.
  1823 | D:2      | 1823 ||| READING 4 scrolls labelled XEATAA ICWATTE.
  1827 | D:2      | 1827 ||| DRINKING 2 fizzy inky potions.
  1898 | D:3      | 1898 ||| Stepping ~*~*~tactically~*~*~ (stealth).
  1930 | D:3      | 1930 ||| Stepping ~*~*~tactically~*~*~ (stealth).
  1960 | D:3      | 1960 ||| Stepping ~*~*~tactically~*~*~ (hiding).
  2182 | D:3      | Reached XP level 5. HP: 32/32 MP: 5/5
  2541 | D:3      | 2541 ||| UPGRADING to +2 chain mail of fire resistance.
  2551 | D:3      | 2551 ||| DROPPING +0 scale mail.
  2552 | D:3      | 2552 ||| UPGRADING to +0 helmet.
  2557 | D:3      | 2557 ||| READING scroll labelled FUNAFINLITHRUG.
  2558 | D:3      | 2558 ||| DROPPING potion of berserk rage.
  2593 | D:4      | Noticed Ijyb
  2608 | D:4      | Reached skill level 5 in Axes
  2608 | D:4      | Killed Ijyb
  2635 | D:4      | Found an iron altar of Okawaru.
  2637 | D:4      | Found a burning altar of Makhleb.
  2665 | D:4      | 2665 ||| PLANNING OKAWARU WORSHIP
  2665 | D:4      | 2665 ||| READING scroll labelled HASMUG CAL ICU.
  2688 | D:4      | 2688 ||| READING 2 scrolls of identify.
  2688 | D:4      | 2688 ||| IDENTIFYING dark potion
  2689 | D:4      | 2689 ||| DROPPING potion of invisibility.
  2700 | D:4      | Became a worshipper of Warmaster Okawaru
  2700 | D:4      | 2700 ||| PLANNING D:1-11
  2709 | D:4      | 2709 ||| Stepping ~*~*~tactically~*~*~ (stealth).
  2710 | D:4      | 2710 ||| Stepping ~*~*~tactically~*~*~ (stealth).
  2711 | D:4      | 2711 ||| Stepping ~*~*~tactically~*~*~ (stealth).
  2713 | D:4      | 2713 ||| Stepping ~*~*~tactically~*~*~ (hiding).
  2739 | D:4      | Found a transporter.
  2757 | D:4      | Found a transporter.
  2762 | D:4      | Noticed qw's ghost (amateur GrFi)
  2777 | D:4      | Noticed an ogre
  2784 | D:4      | HP: 3/33 [ogre/+0 giant club (17)]
  2785 | D:4      | 2785 ||| READING 3 scrolls of teleportation.
  2786 | D:4      | Demolished by an ogre

Levels and vault maps discovered:
D:1:      saegor_arrival_simple_c, layout_basic, minmay_unequal
D:2:      minmay_thinvault, layout_rooms, minmay_tetromino_o2
D:3:      layout_loops_ring
D:4:      layout_basic, jmf_multi_god_temple, mainiacjoe_overflow_big_doors,
          gammafunk_ghost_stat_death, minmay_cupped, uniq_eustachio, uniq_pikel,
          uniq_ijyb

Skill      XL: |  1  2  3  4  5 |
---------------+----------------+-----
Axes           | 2 3 4 5 |  5.0
Fighting       | |  3.8
Armour         | |  3.2
Shields        | |  3.2

Action                     |  1- 3 |  4- 6 || total
---------------------------+-------+-------++-------
  Melee: War axe           |    75 |   105 ||   180
  Throw: Boomerang         |    11 |    42 ||    53
    Use: Scroll            |     3 |    10 ||    13
         Potion            |     1 |     1 ||     2
 Armour: Scale mail        |    33 |    32 ||    65
         Chain mail        |       |    28 ||    28
  Dodge: Dodged            |    45 |    52 ||    97
         Repelled          |       |     1 ||     1
  Block: Buckler           |    19 |    19 ||    38

Table legend:
 A = Non-vault XP
 B = Vault XP
 C = Vault XP percentage of total XP
 D = Non-vault monster count
 E = Vault monster count
 F = Vault count percentage of total count
                 A         B        C        D         E       F
            +---------+---------+-------+---------+---------+-------
      Total |     127 |     155 |  55.0 |      48 |      26 |  35.1
            +---------+---------+-------+---------+---------+-------
        D:1 |      23 |       4 |  14.8 |      12 |       4 |  25.0
        D:2 |      29 |      66 |  69.5 |      15 |      19 |  55.9
        D:3 |      60 |       0 |   0.0 |      15 |       0 |   0.0
        D:4 |      15 |      85 |  85.0 |       6 |       3 |  33.3
            +---------+---------+-------+---------+---------+-------
